 Dungeon Crawl Stone Soup version 0.29.1-12-g30fa7ad0bf (webtiles) character file.

Game seed: 13847349316175050403

52 H0rd4k the Charlatan (level 3, -2/24 HPs)
             Began as an Octopode Artificer on Dec 19, 2022.
             Slain by a gnoll
             ... wielding a +0 flail
              (13 damage)
             ... on level 2 of the Dungeon.
             The game lasted 00:01:42 (1943 turns).

H0rd4k the Charlatan (Octopode Artificer)           Turns: 1943, Time: 00:01:42

Health: -2/24      AC:  1    Str: 11    XL:     3   Next: 85%
Magic:  5/5        EV: 13    Int: 15    God:
Gold:   66         SH:  0    Dex: 12    Spells: 5/5 levels left

rFire   . . .      SeeInvis .     - Unarmed
rCold   . . .      Faith    .   (no shield)
rNeg    . . .      Spirit   .   k - +0 hat {Stlth+}
rPois   .          Reflect  .   (no amulet)
rElec   .          Harm     .   (no ring)
rCorr   .          Rampage  .   (no ring)
Will    .....                   (no ring)
Stlth   ++++......              (no ring)
HPRegen 0.08/turn               (no ring)
MPRegen 0.09/turn               (no ring)
                                (no ring)
                                (no ring)

@: no status effects
A: almost no armour, amphibious, 8 rings, camouflage 1, gelatinous body 1,
(nimble swimmer 1), tentacles
a: no special abilities


You were on level 2 of the Dungeon.
You visited 1 branch of the dungeon, and saw 2 of its levels.

You collected 66 gold pieces.

Inventory:

Missiles
 j - 2 poisoned darts
Armour
 k - a +0 hat of stealth (worn)
Wands
 b - a wand of flame (15) (quivered)
 c - a wand of charming (12)
 d - a wand of iceblast (5)
Scrolls
 e - a scroll of identify {unknown}
 g - a scroll of acquirement {unknown}
 h - a scroll of enchant armour {unknown}
 i - a scroll of fog {unknown}
Potions
 a - 3 potions of curing {unknown}
 f - a potion of brilliance {unknown}


   Skills:
 * Level 2.2 Fighting
 - Level 2.3 Dodging
 - Level 1.3 Stealth
 + Level 1.5 Unarmed Combat
 * Level 1.5 Spellcasting
 - Level 3.2 Evocations


You had 5 spell levels left.
You didn't know any spells.
Your spell library contained the following spells:

 Spells                   Type           Power      Damage    Failure   Level
 Ensorcelled Hibernation  Hex/Ice        2%         N/A       34%         2
 Passwall                 Tmut/Erth      0%         N/A       34%         2
 Swiftness                Air            1%         N/A       56%         3


Dungeon Overview and Level Annotations

Branches:
Dungeon (2/15)

Altars:


Innate Abilities, Weirdness & Mutations

You cannot wear most types of armour.
You are amphibious.
You can wear up to eight rings at the same time.
Your skin changes colour to match your surroundings (Stealth+).
Your rubbery body absorbs attacks. (AC +1, EV +1)
((You are camouflaged when in or above water. (Stealth+)))
You have tentacles for arms and can constrict up to eight enemies at once.


Message History

Aim: an endoplasm (chance to affect: 73%)
The endoplasm is charmed.
Unknown command.
What are your orders? t - Shout!
Orders for allies: a - Attack new target. p - Attack previous target. r - Retreat! s - Stop attacking. g - Guard the area. f - Follow me.
Anything else - Cancel.
Guard this area!
The hobgoblin hits your endoplasm.
Your endoplasm barely misses the hobgoblin.
You swap places.
The hobgoblin hits you.
Unknown command.
You closely miss the hobgoblin. You grab the hobgoblin.
You constrict the hobgoblin. The hobgoblin barely misses you.
You swap places.
You release your grip on the hobgoblin.
The gnoll hits your endoplasm with a +0 flail!
Your endoplasm dies!
You tentacle-slap the hobgoblin. Your grab misses the hobgoblin.
The hobgoblin is heavily wounded.
The hobgoblin hits you.
You tentacle-slap the hobgoblin. You grab the hobgoblin.
The hobgoblin is severely wounded.
You constrict the hobgoblin, but do no damage.
The hobgoblin barely misses you.
You tentacle-slap the hobgoblin but do no damage.
The hobgoblin is severely wounded.
You constrict the hobgoblin, but do no damage.
The hobgoblin barely misses you.
You tentacle-slap the hobgoblin.
Your tentacle-slap misses the hobgoblin.
The hobgoblin is almost dead.
You constrict the hobgoblin.
You kill the hobgoblin!
You tentacle-slap the gnoll. You grab the gnoll.
The gnoll is moderately wounded.
You constrict the gnoll, but do no damage.
The gnoll hits you with a +0 flail!
Ouch! That really hurt!
You die...

#......########..
#.)..............
+................
#................
#................
#...†..)......... ..##
#...###....))....
.....###g..# #..........
.......@#### #.........#
.....##..#############.#
... ##.##...# . .
#.##...# #..#...#
##.#..)### #.'...'.##
###...#..#
#...##'#######


You could see a gnoll.

Vanquished Creatures
  2 dart slugs (D:1)
  5 ball pythons (D:1)
  2 endoplasms (D:1)
  A giant cockroach (D:1)
  4 hobgoblins
  3 bats (D:1)
  4 frilled lizards
  3 goblins
  2 kobolds
  2 rats (D:1)
28 creatures vanquished.

Vanquished Creatures (collateral kills)
  2 gnolls (D:2)
2 creatures vanquished.

Vanquished Creatures (others)
  A gnoll (D:2)
  An endoplasm (D:2)
  4 plants (D:1)
6 creatures vanquished.

Grand Total: 36 creatures vanquished

Notes
Turn   | Place    | Note
-------+----------+-------------------------------------------
     0 | D:1      | H0rd4k the Octopode Artificer began the quest for the Orb.
     0 | D:1      | Reached XP level 1. HP: 13/13 MP: 1/1
   204 | D:1      | Reached XP level 2. HP: 5/18 MP: 2/2
   470 | D:1      | Reached skill level 1 in Spellcasting
  1201 | D:1      | Reached skill level 1 in Unarmed Combat
  1201 | D:1      | Reached XP level 3. HP: 19/24 MP: 4/4
  1331 | D:1      | Found a faded altar of an unknown god.
  1943 | D:2      | Slain by a gnoll

Illustrated notes

Levels and vault maps discovered:
D:1:      dpeg_arrival_shelter, layout_loops_ring, basic_ecumenical_altar,
          serial_forest, infiniplex_forest_lined_3_way,
          infiniplex_forest_lined_room_, infiniplex_forest_zigzag_1,
          infiniplex_forest_lined_3_way, infiniplex_forest_clump_small,
          infiniplex_forest_lined_3, infiniplex_forest_end_3
D:2:      layout_basic, basic_altar

Skill      XL: |  1  2 |
---------------+-------+-----
Spellcasting   | 1 |  1.5
Fighting       | 2 |  2.2
Unarmed Combat | 1 |  1.5
Dodging        | |  2.3
Stealth        | |  1.3
Evocations     | |  3.2

Action                   || total
-------------------------++-------
Melee: Unarmed           ||   100
       Constrict         ||    28
       Tentacles         ||    28
       Punch             ||     1
Evoke: Wand              ||     3
 Stab: Sleeping          ||     6
Armor: Skin              ||     8
Dodge: Dodged            ||    47
